 Dungeon Crawl Stone Soup version 0.21.1-1-g345015fe64 (webtiles) character file.

92 JarielCorvus the Vexing (level 4, -3/36 HPs)
             Began as a Centaur Arcane Marksman on June 30, 2018.
             Slain by a gnoll (7 damage)
             ... on level 2 of the Dungeon.
             The game lasted 00:05:37 (1390 turns).

JarielCorvus the Vexing (Centaur Arcane Marksman)   Turns: 1390, Time: 00:05:38

Health: -3/36      AC:  4    Str: 12    XL:     4   Next: 35%
Magic:  7/7        EV:  9    Int: 13    God:
Gold:   93         SH:  0    Dex: 10    Spells: 6/7 levels left

rFire    . . .     SeeInvis .   d - +0 long sword
rCold    . . .     Gourm    .   (no shield)
rNeg     . . .     Faith    .   e - +0 robe
rPois    .         Spirit   .   (no helmet)
rElec    .         Reflect  .   (no cloak)
rCorr    .         Harm     .   (no gloves)
MR       .....                  (no barding)
Stlth    +.........             (no amulet)
HPRegen  0.12/turn              (no ring)
MPRegen  0.10/turn              (no ring)

@: very quick
A: large, hooves 3, deformed body, speed 2, tough skin 3
a: no special abilities


You were on level 2 of the Dungeon.
You were hungry.

You visited 1 branch of the dungeon, and saw 2 of its levels.

You collected 93 gold pieces.

Inventory:

Hand Weapons
 a - a +0 hand crossbow
 d - a +0 long sword (weapon)
 j - a +0 arbalest
 n - a +0 hunting sling
Missiles
 o - 44 stones (quivered)
 p - 7 bolts
Armour
 e - a +0 robe (worn)
Jewellery
 h - a cursed amulet of magic regeneration
Wands
 g - a wand of paralysis (7)
 m - a wand of scattershot (6)
Scrolls
 i - a scroll of teleportation {unknown}
 l - a scroll of blinking {unknown}
 r - a scroll of remove curse {unknown}
 s - a scroll of identify
 u - a scroll of random uselessness {unknown}
Potions
 b - 2 potions of curing
 k - a potion of flight {unknown}
 q - a potion of heal wounds {unknown}
 t - a potion of mutation {unknown}
Books
 c - a book of Debilitation

   Spells                             Type                      Level
   a - Corona                         Hexes                        1
   b - Slow                           Hexes                        2
   c - Inner Flame                    Hexes/Fire                   3
   d - Portal Projectile              Hexes/Translocation          3
   e - Cause Fear                     Hexes                        4
   f - Leda's Liquefaction            Hexes/Earth                  4
Comestibles
 f - 4 rations


   Skills:
 + Level 1.9 Fighting
 + Level 3.0 Crossbows
 - Level 1.3 Dodging
 * Level 2.1 Spellcasting
 + Level 3.2 Hexes


You had 6 spell levels left.
You knew the following spells:

 Your Spells              Type           Power        Failure   Level  Hunger
a - Corona                Hex            #......      7%          1    ##.....


Dungeon Overview and Level Annotations

Branches:
Dungeon (2/15)

Altars:


Innate Abilities, Weirdness & Mutations

You have hooves in place of feet.
Armour fits poorly on your strangely shaped body.
You cover ground very quickly.
You have extremely tough skin. (AC +3)


Message History

The adder poisons you! The gnoll hits you but does no damage.
The adder bites you but does no damage.
You feel sick.
You feel better. The adder misses you.
Wield which item (- for none, * to show all)? (? for menu, Esc to quit)
d - a +0 long sword (weapon)
The gnoll hits you from afar with a halberd.
The adder bites you but does no damage.
You slash the adder!
You kill the adder!
The gnoll hits you but does no damage.
You hit the gnoll.
You kill the gnoll!
Your Crossbows skill increases to level 3!
You hit the gnoll.
The gnoll is moderately wounded.
The gnoll hits you!
* * * LOW HITPOINT WARNING * * *
The gnoll hits you!
You die...

..........###......###.######
............................#
..........###...>............
.........)# #................
..........# #####.#####....#.
##.......# #.###........
#####.### ####.#...##.....
#.######......####...#.
##.#(.g@..##.##.........
#....#######.###.....#..
#..)## #............#.. #....
#.###.##..####..
#..(#..##.###.....##....
##.###.........##....##. #.#
##......#.##..###..
#.......###............
.(.###.####.......#....


You could see a gnoll.

Vanquished Creatures
  2 gnolls (D:2)
  2 adders (D:2)
  2 oozes (D:1)
  2 leopard geckos
  A ball python (D:2)
  4 giant cockroaches
  9 goblins
  A hobgoblin (D:2)
  2 jackals (D:1)
  2 kobolds
  A quokka (D:2)
  5 bats
  4 frilled lizards
  8 rats
45 creatures vanquished.

Notes
Turn   | Place    | Note
-------+----------+-------------------------------------------
     0 | D:1      | JarielCorvus the Centaur Arcane Marksman began the quest for the Orb.
     0 | D:1      | Reached XP level 1. HP: 16/16 MP: 2/2
   310 | D:1      | Reached XP level 2. HP: 21/23 MP: 3/3
   824 | D:2      | Reached XP level 3. HP: 26/28 MP: 5/5
  1252 | D:2      | Reached XP level 4. HP: 29/36 MP: 7/7
  1390 | D:2      | Slain by a gnoll

Skill      XL: |  1  2  3  4 |
---------------+-------------+-----
Hexes          | 3 |  3.2
Spellcasting   | 2 |  2.1
Crossbows      | 3 |  3.0
Fighting       | |  1.9
Dodging        | |  1.3

Action                   |  1- 3 |  4- 6 || total
-------------------------+-------+-------++-------
Melee: Long sword        |    26 |     3 ||    29
       Kick              |     4 |       ||     4
 Fire: Hand crossbow     |    68 |       ||    68
       Hunting sling     |     5 |    21 ||    26
       Arbalest          |     3 |       ||     3
 Cast: Corona            |     4 |       ||     4
  Use: Scroll            |     2 |       ||     2
       Potion            |       |     1 ||     1
Armor: Robe              |    31 |    10 ||    41
Dodge: Dodged            |    45 |     8 ||    53
       Rpst.: Long sword |     6 |       ||     6
